 Dungeon Crawl Stone Soup version 0.31-a0-1159-g800acc2fd1 (webtiles) character file.

Game seed: 9473395897888387340

27208 Malachi the Blocker (level 13, -23/124 HPs)
             Began as an Armataur Fighter on Dec 8, 2023.
             Annihilated by Rupert
             ... wielding a +4 heavy executioner's axe
              (63 damage)
             ... on level 3 of the Lair of Beasts.
             The game lasted 00:24:06 (15127 turns).

Malachi the Blocker (Armataur Fighter)             Turns: 15127, Time: 00:24:07

Health: -23/124    AC: 23    Str: 32    XL:     13   Next: 3%
Magic:  4/13       EV:  5    Int:  9    God:
Gold:   1058       SH: 17    Dex:  8    Spells: 12/12 levels left

rFire   + . .        y - +5 war axe (flame)
rCold   . . .        o - +0 kite shield
rNeg    . . .        a - +2 chain mail {rF+}
rPois   +            P - +0 helmet
rElec   .            r - +0 cloak
rCorr   .            (no gloves)
SInv    .            c - +2 barding
Will    +....        l - amulet of reflection Stlth
                     w - ring of willpower
HPRegen 0.40/turn    L - +6 ring of strength
MPRegen 0.13/turn

%: reflection, clarity, roll
@: studying Poison Magic, invisible
A: large, deformed body, tough skin 3, armoured tail, roll 2, long tongue,
clarity, clumsy 1, poison resistance, robust 1, MP-powered wands
a: no special abilities


You were on level 3 of the Lair of Beasts.
You visited 3 branches of the dungeon, and saw 15 of its levels.

You collected 1058 gold pieces.

Inventory:

Hand Weapons
 y - a +5 war axe of flaming (weapon)
Missiles
 b - a throwing net
 j - 15 boomerangs (quivered)
 k - 34 poisoned darts
Armour
 a - a +2 chain mail of fire resistance (worn)
 c - a +2 barding (worn)
 o - a +0 kite shield (worn)
 r - a +0 cloak (worn)
 P - a +0 helmet (worn)
Jewellery
 g - an amulet of regeneration
 l - an amulet of reflection (around neck)
 w - a ring of willpower (left hand)
 I - a +6 ring of intelligence
 L - a +6 ring of strength (right hand)
Wands
 s - a wand of flame (10)
 F - a wand of roots (1)
 G - a wand of polymorph (28)
 J - a wand of acid (5)
Scrolls
 e - a scroll of noise
 f - 4 scrolls of teleportation
 h - 2 scrolls of vulnerability
 i - 2 scrolls of torment
 n - 2 scrolls of fog
 p - a scroll of amnesia
 q - 2 scrolls of blinking
 M - a scroll of immolation
 N - a scroll of silence
Potions
 m - a potion of mutation
 t - a potion of haste
 v - a potion of enlightenment
 z - a potion of magic
 A - 3 potions of brilliance
 H - 2 potions of lignification
 K - 2 potions of curing


   Skills:
 - Level 10.0 Fighting
 + Level 11.1 Axes
 - Level 10.0 Armour
 + Level 14.4 Shields


You had 12 spell levels left.
You didn't know any spells.
Your spell library contained the following spells:

 Spells                   Type           Power      Damage    Failure   Level
 Blink                    Tloc           0%         N/A       95%         2
 Hailstorm                Conj/Ice       0%         3d5       99%         3
 Summon Guardian Golem    Hex/Summ       0%         N/A       99%         3
 Tukima's Dance           Hex            0%         N/A       99%         3
 Manifold Assault         Tloc           0%         N/A       100%        4
 Passage of Golubria      Tloc           0%         N/A       100%        4
 Summon Ice Beast         Ice/Summ       0%         N/A       100%        4
 Yara's Violent Unravell  Hex/Tmut       0%         3d3       100%        5
 Simulacrum               Ice/Necr       0%         N/A       100%        6
 Orb of Destruction       Conj           0%         9d5       100%        7
 Spellforged Servitor     Conj/Summ      0%         N/A       100%        7


Dungeon Overview and Level Annotations

Branches:
Dungeon (11/15)            Temple (1/1) D:5            Lair (3/5) D:11
  Swamp (0/4) Lair:2          Orc (0/2) D:10
  Snake: Lair:2-3    Spider: Lair:2-3

Altars:
Ashenzari
Cheibriados
Dithmenos
Elyvilon
Fedhas
Gozag
Hepliaklqana
Kikubaaqudgha
Makhleb
Nemelex Xobeh
Okawaru
Qazlal
Ru
Sif Muna
Trog
Uskayaw
Vehumet
Wu Jian
Xom
Yredelemnul
Zin
The Shining One

Shops:
D:8 :   D:10 (

Annotations:
Lair:3 Rupert


Innate Abilities, Weirdness & Mutations

Armour fits poorly on your strangely shaped body.
You have extremely tough skin. (AC +3)
You have a long armoured tail.
You roll and regenerate health when moving toward enemies. (Rampage Heal)
Your long tongue fully drains potion bottles. (2x potion effects)
You possess an exceptional clarity of mind.
You are clumsy. (Dex -2)
Your system is resistant to poisons. (rPois)
You are robust. (+10% HP)
You expend magic power (3 MP) to strengthen your wands.


Message History

The grasping roots constrict Rupert.
The roots release their grip on Rupert.
Rupert is engulfed in poison gas.
Rupert looks even sicker.
Aiming: Fastroot
Press: ? - help, Shift-Dir - straight line, f/p - Rupert
Aim: Rupert, wielding a +4 heavy executioner's axe and wearing a +0 ring mail (poison gas, heavily wounded, berserk, unable to see you, very poisoned)
You feel a surge of power!
The roots erupt in riotous growth!
Roots grab Rupert.
Roots grab the cane toad. x2
The grasping roots constrict the cane toad. x2
The grasping roots constrict Rupert.
Rupert looks even sicker.
Rupert rages.
Rupert struggles to escape constriction.
The cane toad struggles to escape constriction. x2
Rupert is engulfed in poison gas.
Rupert looks as sick as possible!
Rupert rages.
Rupert struggles to escape constriction.
The grasping roots constrict the cane toad. x2
The grasping roots constrict Rupert.
The roots release their grip on Rupert.
The cane toad struggles to escape constriction.
The cane toad escapes!
Rupert is engulfed in poison gas.
Rupert looks as sick as possible!
Rupert rages.
The cane toad struggles to escape constriction.
Aiming: Corrosive Bolt
Press: ? - help, Shift-Dir - straight line, f/p - Rupert
Aim: Rupert, wielding a +4 heavy executioner's axe and wearing a +0 ring mail (poison gas, heavily wounded, berserk, unable to see you, extremely poisoned, 75% to hit)
You feel a surge of power!
The bolt of acid hits Rupert!
The acid corrodes Rupert!
Rupert is heavily wounded.
The bolt of acid hits the cane toad!
The acid corrodes the cane toad!
The cane toad is almost dead.
The grasping roots constrict the cane toad!
You kill the cane toad!
Rupert is engulfed in poison gas.
Rupert looks as sick as possible! x2
You closely miss Rupert.
Rupert is severely wounded.
Rupert is engulfed in poison gas.
Rupert looks as sick as possible!
Rupert hits you with a +4 heavy executioner's axe!!!
Ouch! That really hurt!
You die...
Rupert roars with triumph.

...#.#####.###
##†##..... .h..## ###
##.♣k##.... ....#
#..§§☼#.... ...h#
#.♣§☼§♣♣ ... ....##
##.§☼☼.# .. .....#
##§§.## ....## ####
##F+### ....## #...
##@§§§☼#
.....##..###..#§@§☼§#
......+.......#§#§§§§§#
..........♣ §§§#☼♣§#§+
......+....§§§§§ §§ #
....###...###§#§ §§☼
..... #....§### ☼§§§
..... ..### §§### .....
... §§☼ .... ...


You could see Rupert (berserk, unable to see you, extremely poisoned, corroded),
a cane toad (unable to see you) and a rime drake (unable to see you).

Vanquished Creatures
  An ice dragon (Lair:2)
  Erolcha (D:9)
  A boulder beetle (Lair:1)
  3 two-headed ogres
  6 death yaks (Lair:1)
  2 spriggan druids (Lair:2)
  A black mamba (Lair:1)
  A gargoyle (D:11)
  6 cane toads
  2 ice devils (Lair:2)
  An unseen horror (D:11)
  3 rime drakes
  3 komodo dragons
  2 polar bears (Lair:2)
  4 hornets
  4 blink frogs (Lair:2)
  A shadow (D:9)
  2 wyverns
  24 yaks
  A wraith (D:10)
  2 humans (D:7)
  A steam dragon (D:9)
  A basilisk (Lair:2)
  2 wargs (D:11)
  A harpy simulacrum (Lair:2)
  2 acid dragons (D:11)
  Duvessa (D:7)
  10 water moccasins
  7 orc warriors
  2 sky beasts
  3 ice beasts
  4 black bears
  3 ogres
  8 wolves
  A centaur (D:10)
  2 kobold brigands
  A phantom (D:6)
  Blork the orc (D:5)
  6 bullfrogs
  2 scorpions
  A gnoll sergeant (D:9)
  A cane toad simulacrum (Lair:2)
  Dowan (D:7)
  5 wights (D:6)
  3 elephant simulacra (Lair:2)
  21 killer bees
  6 howler monkeys
  6 hounds
  2 jellies
  10 orc priests
  Crazy Yiuf (D:7)
  A gnoll bouda (D:8)
  4 iguanas
  14 orc wizards
  14 gnolls
  14 adders
  A naga simulacrum (Lair:2)
  3 shadow imps (D:7)
  A white imp (D:6)
  3 worms
  3 dart slugs
  37 orcs
  11 ball pythons
  7 endoplasms
  4 giant cockroaches
  11 goblins
  4 hobgoblins
  10 jackals
  6 quokkas
  3 bats
  3 frilled lizards
  22 kobolds
  3 rats
365 creatures vanquished.

Vanquished Creatures (others)
  A frilled lizard (D:1)
1 creature vanquished.

Grand Total: 366 creatures vanquished

Notes
Turn   | Place    | Note
-------+----------+-------------------------------------------
     0 | D:1      | Malachi the Armataur Fighter began the quest for the Orb.
     0 | D:1      | Reached XP level 1. HP: 18/18 MP: 1/1
   113 | D:1      | Reached XP level 2. HP: 25/25 MP: 2/2
   373 | D:1      | Reached XP level 3. HP: 31/31 MP: 3/3
  1455 | D:3      | Reached XP level 4. HP: 38/38 MP: 4/4
  1476 | D:2      | Reached skill level 4 in Shields
  2130 | D:3      | Reached XP level 5. HP: 43/45 MP: 5/5
  2346 | D:3      | Noticed a water moccasin
  2357 | D:3      | Killed a water moccasin
  2358 | D:3      | Reached skill level 5 in Armour
  2358 | D:3      | Reached XP level 6. HP: 47/52 MP: 6/6
  2871 | D:4      | Found a bloodstained altar of Trog.
  2875 | D:4      | Found a shimmering blue altar of Sif Muna.
  3162 | D:4      | Reached skill level 5 in Shields
  3204 | D:4      | Gained mutation: You roll and regenerate health when moving
                  | toward enemies. (Rampage Heal) [Armataur growth]
  3204 | D:4      | Reached XP level 7. HP: 39/59 MP: 7/7
  3608 | D:5      | Entered Level 5 of the Dungeon
  3698 | D:5      | Noticed Blork the orc
  3709 | D:5      | Killed Blork the orc
  3935 | D:5      | Found an ornate altar of the Wu Jian Council.
  4044 | D:5      | Found a staircase to the Ecumenical Temple.
  4471 | D:5      | Reached skill level 5 in Fighting
  4471 | D:5      | Reached skill level 6 in Shields
  4471 | D:5      | Reached XP level 8. HP: 67/68 MP: 8/8
  4692 | Temple   | Entered the Ecumenical Temple
  4963 | D:6      | Found an ancient bone altar of Kikubaaqudgha.
  5086 | D:6      | Found a sacrificial altar of Ru.
  5236 | D:6      | Found a shadowy altar of Dithmenos.
  5383 | D:6      | Reached skill level 7 in Shields
  5408 | D:6      | Reached skill level 5 in Axes
  5683 | D:6      | Gained mutation: You passively map a small area around you.
                  | [potion of mutation]
  5683 | D:6      | Gained mutation: You have a pair of small antennae on your
                  | head. [potion of mutation]
  5683 | D:6      | Gained mutation: Your spells are a little harder to cast,
                  | but a little more powerful. [potion of mutation]
  5683 | D:6      | Gained mutation: Your mind is acute. (Int +4, Str/Dex -1)
                  | [potion of mutation]
  5684 | D:6      | Lost mutation: Your spells are a little harder to cast, but
                  | a little more powerful. [potion of mutation]
  5684 | D:6      | Lost mutation: You have a pair of small antennae on your
                  | head. [potion of mutation]
  5684 | D:6      | Lost mutation: You passively map a small area around you.
                  | [potion of mutation]
  5684 | D:6      | Lost mutation: Your mind is acute. (Int +4, Str/Dex -1)
                  | [potion of mutation]
  5684 | D:6      | Gained mutation: You are vulnerable to cold. (rC-) [potion
                  | of mutation]
  5684 | D:6      | Gained mutation: Your system is resistant to poisons.
                  | (rPois) [potion of mutation]
  5684 | D:6      | Gained mutation: You are robust. (+10% HP) [potion of
                  | mutation]
  5684 | D:6      | Gained mutation: You expend magic power (3 MP) to
                  | strengthen your wands. [potion of mutation]
  5684 | D:6      | Lost mutation: You are vulnerable to cold. (rC-) [potion of
                  | mutation]
  5684 | D:6      | Gained mutation: You are clumsy. (Dex -2) [potion of
                  | mutation]
  5684 | D:6      | Gained mutation: You possess an exceptional clarity of
                  | mind. [potion of mutation]
  5750 | D:7      | Reached XP level 9. HP: 46/82 MP: 9/9
  6055 | D:7      | Found an iron altar of Okawaru.
  6112 | D:7      | Found a burning altar of Makhleb.
  6159 | D:7      | Found a shimmering altar of Xom.
  6160 | D:7      | Found a shimmering altar of Xom.
  6160 | D:7      | Found a shimmering altar of Xom.
  6161 | D:7      | Found a shimmering altar of Xom.
  6162 | D:7      | Found a shimmering altar of Xom.
  6166 | D:7      | Found a shimmering altar of Xom.
  6270 | D:7      | Noticed Dowan
  6278 | D:7      | Killed Dowan
  6281 | D:7      | Noticed Duvessa
  6292 | D:7      | Killed Duvessa
  6353 | D:7      | Found a glowing silver altar of Zin.
  6539 | D:7      | Reached skill level 8 in Shields
  6577 | D:7      | Found a glowing golden altar of the Shining One.
  6578 | D:7      | Found a sparkling altar of Nemelex Xobeh.
  6766 | D:7      | Found a runed translucent door.
  6766 | D:7      | You fall into a shaft and drop 3 floors!
  6766 | D:10     | Entered Level 10 of the Dungeon
  6827 | D:10     | Found a radiant altar of Vehumet.
  6894 | D:10     | Found Fasausyt's Antique Weapon Shop.
  6904 | D:10     | Found a staircase to the Orcish Mines.
  7063 | D:10     | Reached XP level 10. HP: 51/94 MP: 10/10
  7537 | D:10     | Found a snail-covered altar of Cheibriados.
  7822 | D:10     | Found a hazy altar of Hepliaklqana.
  7822 | D:10     | Found a hide-covered altar of Uskayaw.
  7869 | D:9      | Reached skill level 9 in Shields
  8015 | D:9      | Reached skill level 10 in Armour
  8120 | D:9      | Noticed a two-headed ogre
  8126 | D:9      | Killed a two-headed ogre
  8446 | D:9      | Reached skill level 10 in Shields
  8582 | D:9      | Noticed Erolcha
  8841 | D:9      | Killed Erolcha
  8842 | D:9      | Reached XP level 11. HP: 96/104 MP: 11/11
  9317 | D:8      | Identified the +1 war axe of Exquisite Death {heavy, rF+
                  | Str+2 Stlth+}
  9876 | D:8      | Found Gimytetohi's Book Emporium.
 10050 | D:8      | Noticed a centaur warrior
 10600 | D:7      | Noticed Crazy Yiuf
 10609 | D:7      | Killed Crazy Yiuf
 10891 | D:11     | Noticed a two-headed ogre
 10900 | D:11     | Killed a two-headed ogre
 10999 | D:11     | Found a staircase to the Lair.
 11001 | D:11     | Noticed a two-headed ogre
 11009 | D:11     | Killed a two-headed ogre
 11332 | D:11     | Reached skill level 11 in Shields
 12741 | Lair:1   | Entered Level 1 of the Lair of Beasts
 12880 | Lair:1   | You fall into a shaft and drop 1 floor!
 12987 | Lair:2   | Reached skill level 10 in Fighting
 13426 | Lair:2   | Reached skill level 12 in Shields
 13449 | Lair:1   | Found a shimmering altar of Xom.
 13459 | Lair:1   | Noticed a death yak
 13462 | Lair:1   | Noticed a death yak
 13462 | Lair:1   | Noticed a death yak
 13486 | Lair:1   | Noticed a death yak
 13487 | Lair:1   | Killed a death yak
 13488 | Lair:1   | Reached XP level 12. HP: 110/116 MP: 12/12
 13488 | Lair:1   | Noticed a death yak
 13489 | Lair:1   | Noticed a death yak
 13490 | Lair:1   | Killed a death yak
 13496 | Lair:1   | Killed a death yak
 13501 | Lair:1   | Killed a death yak
 13509 | Lair:1   | Killed a death yak
 13515 | Lair:1   | Killed a death yak
 13556 | Lair:1   | Identified the +1 pair of boots of Farfalle {rC+ Int+3}
 13574 | Lair:1   | Reached skill level 13 in Shields
 13577 | Lair:1   | Reached skill level 10 in Axes
 13856 | Lair:1   | Noticed a boulder beetle
 13882 | Lair:1   | Killed a boulder beetle
 14325 | Lair:2   | Noticed an ice dragon
 14337 | Lair:2   | Killed an ice dragon
 14338 | Lair:2   | Reached skill level 14 in Shields
 14366 | Lair:2   | Identified the ring of Deitea Qoto {Ice Str+3}
 14789 | Lair:2   | Found a staircase to the Swamp.
 15060 | Lair:3   | Noticed Rupert
 15103 | Lair:3   | Reached XP level 13. HP: 55/124 MP: 13/13
 15127 | Lair:3   | Annihilated by Rupert

Illustrated notes

Levels and vault maps discovered:
D:1:      elethiomel_arrival_quiet, layout_basic, palyth_stone_intersect
D:2:      layout_loops_corners
D:3:      layout_loops_cross, dk_noncrumbling_2
D:4:      minmay_general_purpose_star, layout_loops_ring,
          hellmonk_overflow_destroyed_library, minmay_vboxes
D:5:      layout_basic, mainiacjoe_overflow_chevrons, temple_doors_ab,
          uniq_blork_the_orc
D:6:      layout_loops_corners, kiku_gazebo_garden_becter, kennysheep_mini_moat,
          mainiacjoe_overflow_small_starburst
D:7:      layout_loops_ring, makhleb_heckhound_becter, xom_redecorated,
          gammafunk_temple_overflow_statue, okawaru_humans,
          general_overflow_altar, uniq_crazy_yiuf_cottage, uniq_duvessa
D:8:      layout_layer_cave, serial_shops, nicolae_shop_just_a_little_nook,
          onia_ninara_dug_in_and_dangerous
D:9:      layout_basic, uniq_erolcha
D:10:     layout_loops_ring, cheibrodos_worm_habitat, vehumet_altar_wand_db,
          gammafunk_temple_overflow_wave, orc_0_dummy, serial_shops,
          nicolae_shop_gibbet_a_chance
D:11:     layout_gridville, erik_lair_orcish_takeover, special_room
          [special_room_orc]
Temple:   hellmonk_temple_micro_hex
Lair:1:   layout_chaotic_city, basic_altar, enter_volcano_1,
          nicolae_quartered_pool_impasse
Lair:2:   dreamdust_isle_of_ice, layout_long_grid,
          mainiacjoe_swamp_entry_angry_trees, cheibrodos_lair_reptile_den,
          grunt_megastairs_5, infiniplex_staircase_pool, lemuel_fruit_fields,
          lemuel_fruit_tree
Lair:3:   layout_hall_layers, spider_nest_entry_web_field, worms_lemuel,
          grunt_megastairs_1, uniq_rupert

Skill      XL: |  1  2  3  4  5  6  7  8  9 10 11 12 |
---------------+-------------------------------------+-----
Armour         | 4 5 6 8 9 10 | 10.0
Fighting       | 3 4 5 6 7 8 10 | 10.0
Axes           | 2 3 4 5 6 7 9 11 | 11.1
Shields        | 4 5 6 7 8 10 12 14 | 14.4

Action                     |  1- 3 |  4- 6 |  7- 9 | 10-12 | 13-15 || total
---------------------------+-------+-------+-------+-------+-------++-------
  Melee: War axe           |   118 |   161 |   258 |   499 |     6 ||  1042
         Tailslap          |     5 |     4 |    27 |    61 |       ||    97
  Evoke: Wand              |       |       |       |       |     3 ||     3
    Use: Potion            |       |     4 |     2 |     4 |     7 ||    17
         Scroll            |       |     4 |     9 |    10 |     2 ||    25
 Armour: Scale mail        |    96 |   110 |   190 |       |       ||   396
         Skin              |       |     3 |       |       |       ||     3
         Chain mail        |       |       |    50 |   620 |     7 ||   677
  Dodge: Dodged            |    37 |    24 |    38 |   112 |       ||   211
  Block: Buckler           |    27 |       |       |       |       ||    27
         Kite shield       |    16 |   150 |   218 |   596 |     3 ||   983
         Reflection        |       |     1 |     2 |     6 |     1 ||    10

Table legend: (Time is in decaauts)
 A = Elapsed time spent in this place.
 B = Non-inter-level travel time spent in this place.
 C = Inter-level travel time spent in this place.
 D = Time resting spent in this place.
 E = Time spent auto-exploring this place.
 F = Levels seen in this place.
 G = Mean time per level.
                   A        B        C        D        E       F      G
               +--------+--------+--------+--------+--------+-----+--------+
         Total |  15618 |  14998 |    620 |   2210 |   9583 |  15 | 1041.2 |
       Dungeon |  13206 |  12587 |    619 |   1834 |   8374 |  11 | 1200.5 |
        Temple |     26 |     26 |      0 |      0 |      0 |   1 |   26.0 |
          Lair |   2385 |   2385 |      0 |    376 |   1209 |   3 |  795.0 |
               +--------+--------+--------+--------+--------+-----+--------+

Top non-repeatable levels by time:
     D:8: 1882 daAuts
    D:11: 1771 daAuts
  Lair:2: 1430 daAuts
     D:7: 1314 daAuts
    D:10: 1207 daAuts
     D:2: 1167 daAuts
     D:9: 1153 daAuts
     D:5: 1120 daAuts
     D:6: 1016 daAuts
     D:3: 991 daAuts
     D:4: 939 daAuts
  Lair:1: 871 daAuts
     D:1: 641 daAuts
  Lair:3: 83 daAuts
  Temple: 26 daAuts
